 Dungeon Crawl Stone Soup version 0.27-a0-46-g34d46f0a3f (webtiles) character file.

Game seed: 4855701532224448392

297907 Essalna the Sorcerer (level 20, -11/128 HPs)
             Began as a Deep Elf Air Elementalist on Jan 6, 2021.
             Was the Champion of Vehumet.
             Killed from afar by a fire giant (50 damage)
             ... with a bolt of fire
             ... on level 3 of the Vaults.
             The game lasted 03:21:14 (65582 turns).

Essalna the Sorcerer (Deep Elf Air Elementalist)   Turns: 65582, Time: 03:21:15

Health: -11/128    AC: 11    Str:  5    XL:     20   Next: 45%
Magic:  34/47      EV: 28    Int: 44    God:    Vehumet [******]
Gold:   2706       SH:  9    Dex: 19    Spells: 19/62 levels left

rFire    . . .     SeeInvis .   q - staff of air
rCold    + + +     Faith    .   Q - +3 buckler {reflect}
rNeg     + . .     Spirit   .   G - +4 robe of Augmentation {Str+4 Int+4 Dex+4}
rPois    .         Reflect  +   k - +0 helmet
rElec    +         Harm     .   (no cloak)
rCorr    .         Rampage  .   K - +1 pair of gloves of Okawaru's Whim {rC+ Str-4 Stlth+}
Will     ++++.                  r - +0 pair of boots
Stlth    +++.......             g - amulet "Vokenyl" {RegenMP rElec Stlth+}
HPRegen  0.31/turn              n - ring "Piufrei" {rC++ rN+ Int+7 Stlth-}
MPRegen  0.55/turn              W - ring of the Mage {Wiz Will++ Int+3}

@: flying (expiring)
A: no striking features
}: 1/15 runes: gossamer
a: Renounce Religion


You were on level 3 of the Vaults.
You worshipped Vehumet.
Vehumet was exalted by your worship.
You visited 8 branches of the dungeon, and saw 34 of its levels.
You visited the Abyss 1 time.
You also visited: Ossuary and Ice Cave.

You collected 4333 gold pieces.
You spent 1627 gold pieces at shops.

Inventory:

Hand Weapons
 F - the +6 whip of Yhiefyisi {elec, *Corrode rPois Will+ SInv}
   (You found it on level 6 of the Dungeon)

   Occasionally, upon striking a foe, it can discharge electrical energy and
   cause terrible harm.
   It protects you from poison.
   It affects your willpower, your defense against some magical effects.
   It lets you see invisible.
   It may corrode you when you take damage.
Armour
 k - a +0 helmet (worn)
 r - a +0 pair of boots (worn)
 G - the +4 robe of Augmentation (worn) {Str+4 Int+4 Dex+4}
   (You found it on level 6 of the Dungeon)

   It affects your strength (+4).
   It affects your intelligence (+4).
   It affects your dexterity (+4).
 K - the +1 pair of gloves of Okawaru's Whim (worn) {rC+ Str-4 Stlth+}
   (You found it on level 9 of the Dungeon)

   It affects your strength (-4).
   It protects you from cold.
   It makes you more stealthy.
 Q - a +3 buckler of reflection (worn)
 X - a +1 robe of the Archmagi
Magical Staves
 q - an uncursed staff of air (weapon)
Jewellery
 a - an uncursed ring of fire
 d - a +4 ring of protection
 g - the amulet "Vokenyl" (around neck) {RegenMP rElec Stlth+}
   (You found it on level 2 of the Vaults)

   [amulet of magic regeneration]

   It increases your magic regeneration.
   It insulates you from electricity.
   It makes you more stealthy.
 n - the ring "Piufrei" (left hand) {rC++ rN+ Int+7 Stlth-}
   (You bought it in a shop on level 2 of the Vaults)

   [ring of positive energy]

   It affects your intelligence (+7).
   It greatly protects you from cold.
   It protects you from negative energy.
   It makes you less stealthy.
 s - an uncursed ring of positive energy
 A - an uncursed ring of protection from cold
 D - a +6 ring of intelligence
 I - a +6 ring of dexterity
 J - an uncursed amulet of magic regeneration
 M - an uncursed ring of flight {unknown}
 O - an uncursed amulet of the acrobat
 S - an uncursed ring of ice {unknown}
 T - a +4 ring of evasion
 V - an uncursed amulet of regeneration
 W - the ring of the Mage (right hand) {Wiz Will++ Int+3}
   (You bought it in a shop on level 1 of the Vaults)

   [ring of wizardry]

   It improves your spell success rate.
   It affects your intelligence (+3).
   It affects your willpower, your defense against some magical effects.
 Y - an uncursed ring of wizardry {unknown}
Wands
 o - a wand of random effects (15)
 N - a wand of polymorph (8)
 R - a wand of digging (4)
Scrolls
 b - 16 scrolls of identify
 e - 18 scrolls of remove curse
 f - 2 scrolls of magic mapping
 h - 9 scrolls of amnesia
 m - a scroll of fog
 w - 13 scrolls of teleportation
 y - 2 scrolls of blinking
 B - 5 scrolls of enchant armour
 C - 2 scrolls of fear
 E - 3 scrolls of immolation
 P - 5 scrolls of enchant weapon
 U - 2 scrolls of holy word
Potions
 c - 15 potions of curing
 i - a potion of flight {unknown}
 j - 13 potions of heal wounds
 l - 6 potions of haste
 p - 5 potions of brilliance
 t - 2 potions of invisibility
 u - 2 potions of magic
 v - 8 potions of might
 x - a potion of resistance
 H - 5 potions of cancellation
 L - 3 potions of ambrosia


   Skills:
 + Level 14.5 Fighting
 - Level 6.2 Armour
 - Level 18.2 Dodging
 - Level 2.4 Stealth
 - Level 4.0 Shields
 + Level 21.7 Spellcasting
 + Level 11.5 Conjurations
 - Level 9.0 Ice Magic
 + Level 17.6 Air Magic


You had 19 spell levels left.
You knew the following spells:

 Your Spells              Type           Power        Failure   Level
a - Shock                 Conj/Air       100%         0%          1
b - Swiftness             Air            100%         0%          2
c - Airstrike             Air            70%          0%          4
d - Lightning Bolt        Conj/Air       66%          1%          5
e - Ozocubu's Refrigerat  Ice            45%          1%          6
f - Conjure Ball Lightni  Conj/Air       66%          1%          6
g - Chain Lightning       Conj/Air       66%          1%          8
h - Tornado               Air            70%          3%          9
i - Sublimation of Blood  Necr           23%          1%          2

Your spell library contained the following spells:

 Spells                   Type           Power        Failure   Level
 Lehudib's Crystal Spear  Conj/Erth      39%          24%         8
 Shatter                  Erth           23%          100%        9
 Magic Dart               Conj           100%         0%          1
 Corpse Rot               Necr/Air       N/A          0%          2
 Searing Ray              Conj           100%         0%          2
 Static Discharge         Conj/Air       100%         0%          3
 Animate Skeleton         Necr           94%          1%          1
 Corona                   Hex            52%          1%          1
 Pain                     Necr           100%         1%          1
 Sandblast                Erth           94%          1%          1
 Summon Small Mammal      Summ           100%         1%          1
 Call Imp                 Summ           47%          1%          2
 Ensorcelled Hibernation  Hex/Ice        100%         1%          2
 Passwall                 Tmut/Erth      39%          1%          2
 Slow                     Hex            47%          1%          2
 Dazzling Flash           Conj/Hex       100%         1%          3
 Inner Flame              Hex/Fire       47%          1%          3
 Portal Projectile        Hex/Tloc       94%          1%          3
 Stone Arrow              Conj/Erth      100%         1%          3
 Summon Guardian Golem    Hex/Summ       47%          1%          3
 Vampiric Draining        Necr           23%          1%          3
 Animate Dead             Necr           23%          1%          4
 Cause Fear               Hex            23%          1%          4
 Dispel Undead            Necr           47%          1%          4
 Fulminant Prism          Conj/Hex       39%          1%          4
 Hailstorm                Conj/Ice       95%          1%          4
 Iskenderun's Mystic Bla  Conj/Tloc      78%          1%          4
 Leda's Liquefaction      Hex/Erth       23%          1%          4
 Petrify                  Tmut/Erth      47%          1%          4
 Summon Ice Beast         Ice/Summ       72%          1%          4
 Summon Lightning Spire   Summ/Air       100%         1%          4
 Irradiate                Conj/Tmut      39%          1%          5
 Lee's Rapid Deconstruct  Erth           23%          1%          5
 Silence                  Hex/Air        56%          1%          5
 Yara's Violent Unravell  Hex/Tmut       23%          1%          5
 Agony                    Necr           47%          4%          5
 Borgnjor's Vile Clutch   Necr/Erth      23%          4%          5
 Excruciating Wounds      Necr           23%          4%          5
 Summon Forest            Summ/Tloc      23%          4%          5
 Eringya's Noxious Bog    Tmut/Pois      23%          7%          6
 Hydra Form               Tmut           23%          24%         6
 Shadow Creatures         Summ           N/A          24%         6
 Statue Form              Tmut/Erth      31%          24%         6
 Dragon Form              Tmut           23%          77%         7
 Summon Hydra             Summ           23%          77%         7
 Discord                  Hex            23%          100%        8


Dungeon Overview and Level Annotations

Branches:
Dungeon (13/15)            Temple (1/1) D:6            Lair (6/6) D:10
 Shoals (1/4) Lair:3       Spider (4/4) Lair:3        Slime (0/5) Lair:6
    Orc (2/2) D:9             Elf (3/3) Orc:2        Vaults (4/5) D:13
  Crypt (0/3) Vaults:2    Ossuary (visited)           IceCv (visited)

Altars:
Ashenzari
Cheibriados
Dithmenos
Elyvilon
Fedhas
Gozag
Hepliaklqana
Kikubaaqudgha
Makhleb
Okawaru
Qazlal
Ru
Sif Muna
Trog
Uskayaw
Vehumet
Wu Jian
Xom
Yredelemnul
Zin
The Shining One
Beogh

Shops:
D:4 !   D:9 }   D:13 ?   Orc:2 ((}   Elf:1 *[!   Elf:2 !?((   Vaults:1 =
Vaults:2 ?=:=*

Portals:
Abyss: D:13

Annotations:
D:4 1 runed translucent door, Crazy Yiuf
D:10 3 runed translucent doors, Phantomfrettchen's ghost, novice OpTm
D:13 2 transporters, endorz's ghost, journeyman GrFi
Orc:2 Saint Roka


Message History

Look: a fire giant, wielding a +2 great sword of flaming You are too injured to fight recklessly!
Unknown command.
Casting: Chain Lightning (dangerous; 1% risk of failure)
Confirm with . or Enter, or press ? or * to list all spells.
You feel a surge of power!
A great vortex of raging winds appears and lifts you up.
The fire giant gestures at you while chanting.
The bolt of fire hits you!!!
Casting: Tornado (dangerous; 3% risk of failure)
Confirm with . or Enter, or press ? or * to list all spells.
You feel a surge of power!
You create some ball lightning! 3 ball lightnings come into view.
Blink to where?
Press: ? - help, Dir - move target, p - fire giant
As you read the scroll of blinking, it crumbles to dust.
The winds around you start to calm down.
The fire giant points at you and mumbles some strange words.
The bolt of fire hits you!!!
You die...

#...#..(#...'......^....
##.###.###.##...........
#...#...#...#...........
#...........#...........
#...#...#...#...........
##'##+#######...........
#..#§§## #...........
#...#§§§## #...........
##...###§§@## #...........
#.[§##§##§§§## #...........
...§§§§§§§§§§# #...........
..#§§§§§§*#C§§##...........
#§§§§§§§##§p##.....(..(..
#.§§§§§§§§#####...........
##§§§§§§§## #.........).
#.......# ###'######(##
.......... #......# #...


You could see a fire giant, a vault warden and a friendly ball lightning.

Vanquished Creatures
  Arachne (Spider:2)
  The ghost of Ecu Hasm the Victor of a Thousand Battles, an adept GnSk of Okawaru (Vaults:2)
  A tentacled monstrosity (Vaults:1)
  3 liches
  An Ice Fiend (IceCv)
  2 deep elf blademasters
  2 deep elf master archers (Elf:3)
  An Executioner (Abyss:2)
  A sphinx (Vaults:2)
  Kirke (D:12)
  A tengu reaver (Vaults:1)
  Donald (Lair:3)
  6 vault wardens
  5 ghost moths
  A frost giant (Vaults:3)
  3 orc warlords
  2 emperor scorpions (Spider:4)
  11 deep elf sorcerers
  2 deep elf elementalists (Elf:3)
  4 ironheart preservers
  5 stone giants
  5 very ugly things
  A deep elf demonologist (Elf:3)
  5 deep elf annihilators (Elf:3)
  4 entropy weavers
  A dire elephant (Lair:6)
  3 spark wasps (Spider:4)
  A lorocyproca (Abyss:2)
  Snorg (Orc:1)
  5 deep elf death magi
  2 ettins
  An eleionoma (shapeshifter) (Vaults:3)
  2 deep elf high priests (Elf:3)
  Josephine (D:11)
  3 yaktaur captains
  11 hydras
  Fannar (Orc:1)
  A vault guard (Vaults:1)
  3 boulder beetles
  A centaur warrior (Vaults:1)
  4 ice dragons
  2 rakshasas (Vaults:3)
  2 catoblepae
  2 death knights (Vaults:3)
  7 ogre magi
  16 two-headed ogres
  24 dancing weapons
  A deep troll shaman (Lair:6)
  18 death yaks
  A deep troll earth mage (Vaults:2)
  2 orc high priests (Orc:2)
  Urug (D:11)
  10 deep elf knights
  3 skeletal warriors
  A flayed ghost (Vaults:3)
  A shadow wraith (Vaults:3)
  2 unseen horrors
  3 deep trolls (Vaults:2)
  14 deep elf archers
  5 large abominations
  2 wizards (Elf:1)
  A wolf spider zombie (D:12)
  8 ironbrand convokers
  2 necromancers
  A phantasmal warrior (Vaults:3)
  Pikel (D:5)
  2 starcursed masses (Abyss:2)
  11 orc knights
  24 orb spiders
  50 deep elf magi
  29 ugly things
  7 orc sorcerers
  26 wolf spiders
  An oklob plant (Lair:6)
  2 cyclopes (D:11)
  13 elephants (Lair:6)
  4 moths of wrath
  An ice statue (IceCv)
  Psyche (D:8)
  5 vault sentinels
  3 black mambas
  A rust devil (Abyss:2)
  Joseph (D:8)
  7 cane toads
  Maggie (D:8)
  4 torpor snails
  An efreet (Abyss:2)
  34 yaktaurs
  A kobold demonologist (D:13)
  5 komodo dragons
  2 anaconda simulacra (IceCv)
  6 freezing wraiths
  2 rime drakes
  13 demonic crawlers
  A golden dragon simulacrum (IceCv)
  An entropy weaver simulacrum (Vaults:1)
  A queen bee (shapeshifter) (Vaults:2)
  An ancient zyme (Abyss:2)
  2 tengu conjurers (D:9)
  10 trolls
  7 ice devils (IceCv)
  9 hornets
  A meliai (shapeshifter) (Elf:1)
  3 polar bears (Lair:6)
  21 slime creatures
  A tyrant leech (shapeshifter) (Vaults:2)
  42 jumping spiders
  A blink frog (shapeshifter) (Vaults:1)
  25 blink frogs
  Prince Ribbit (D:7)
  3 raiju (Abyss:2)
  A meliai zombie (D:13)
  94 redbacks
  A spriggan (Lair:1)
  7 wraiths
  A shadow (D:11)
  A flying skull (Abyss:2)
  38 tarantellas
  3 air elementals
  8 wyverns
  A hog (D:12)
  2 water elementals
  5 basilisks
  35 yaks
  A fire elemental (Elf:3)
  A chaos spawn (Abyss:2)
  2 steam dragons
  A death yak simulacrum (IceCv)
  An elf skeleton (Vaults:1)
  2 neqoxecs (Abyss:2)
  8 wargs
  An iron troll simulacrum (IceCv)
  Menkaure (D:5)
  A soldier ant (D:13)
  3 harpy simulacra (IceCv)
  5 hydra simulacra (IceCv)
  2 nagas (shapeshifter)
  A spatial vortex (Abyss:2)
  3 acid dragons
  15 water moccasins
  An ogre skeleton (Vaults:1)
  A hornet zombie (D:13)
  2 ice beasts (D:7)
  55 orc warriors
  2 black bears
  6 sky beasts
  An eye of draining (shapeshifter) (Elf:2)
  19 ogres
  An eye of draining (D:12)
  2 phantoms
  An alligator simulacrum (IceCv)
  4 ettin simulacra
  56 wolves
  A boggart (Elf:1)
  13 centaurs
  5 big kobolds
  3 lemures
  7 small abominations (Abyss:2)
  Blork the orc (Orc:1)
  4 elf zombies (Elf:1)
  19 bullfrogs
  A bullfrog (shapeshifter) (Vaults:1)
  A gnoll sergeant (Orc:1)
  A wyvern zombie (D:9)
  An earth elemental (Elf:3)
  3 scorpions
  A scorpion (shapeshifter) (Vaults:3)
  A wyvern skeleton (D:12)
  4 killer bees (D:8)
  11 wights
  7 howler monkeys
  2 electric eels (Spider:4)
  3 centaur zombies
  4 draconian simulacra (IceCv)
  2 quasits
  4 bullfrog zombies
  5 jellies
  5 hounds
  26 orc priests
  26 orc wizards
  8 centaur skeletons
  6 bullfrog skeletons
  A human zombie (Ossuary)
  3 iguanas
  5 troll simulacra (IceCv)
  9 worker ants
  A spriggan simulacrum (IceCv)
  2 wolf simulacra (IceCv)
  2 big kobold zombies (Ossuary)
  A hound skeleton (D:10)
  2 mummies (Ossuary)
  A worker ant zombie (D:10)
  11 adders
  An ogre simulacrum (IceCv)
  11 gnolls
  A howler monkey skeleton (D:6)
  3 naga simulacra (IceCv)
  2 shadow imps
  12 white imps
  4 ufetubi
  3 oozes
  4 adder skeletons
  An adder zombie (D:9)
  4 worms
  2 dart slugs
  5 leopard geckos
  136 orcs
  2 ball pythons (D:2)
  10 bats
  A giant cockroach (D:3)
  14 goblins
  13 hobgoblins
  3 jackals
  37 kobolds
  5 quokkas
  7 frilled lizards
  2 gnoll zombies (Ossuary)
  5 goblin zombies (Ossuary)
  2 jackal zombies
  5 orc zombies
  8 rats
  2 crawling corpses (Vaults:3)
1542 creatures vanquished.

Vanquished Creatures (others)
  2 humans (D:12)
  A small abomination (Abyss:2)
  23 ball lightnings
  55 fungi
  50 plants
  7 tentacles (Shoals:1)
  3 withered plants (Vaults:2)
141 creatures vanquished.

Grand Total: 1683 creatures vanquished

Notes
Turn   | Place    | Note
-------+----------+-------------------------------------------
     0 | D:1      | Essalna the Deep Elf Air Elementalist began the quest for
                  | the Orb.
     0 | D:1      | Reached XP level 1. HP: 10/10 MP: 6/6
   224 | D:1      | Reached XP level 2. HP: 15/15 MP: 0/8
   659 | D:1      | Reached skill level 4 in Spellcasting
   684 | D:1      | Reached XP level 3. HP: 19/19 MP: 4/10
  1202 | D:2      | Reached XP level 4. HP: 24/24 MP: 2/12
  1205 | D:2      | Found a stormy altar of Qazlal.
  1310 | D:2      | Learned a level 2 spell: Swiftness
  1315 | D:2      | Learned a level 4 spell: Airstrike
  1409 | D:2      | Found an iron altar of Okawaru.
  1585 | D:2      | Reached skill level 5 in Spellcasting
  1751 | D:2      | Reached XP level 5. HP: 28/28 MP: 6/15
  1890 | D:2      | Found a faded altar of an unknown god.
  2581 | D:3      | Found a shimmering altar of Xom.
  2675 | D:3      | Reached skill level 6 in Spellcasting
  2675 | D:3      | Reached skill level 5 in Air Magic
  2716 | D:3      | Noticed a sky beast
  2718 | D:3      | Killed a sky beast
  2719 | D:3      | Reached XP level 6. HP: 32/32 MP: 7/17
  3126 | D:3      | Found a basalt altar of Yredelemnul.
  3558 | D:4      | Found a runed translucent door.
  3559 | D:4      | Noticed Crazy Yiuf
  3600 | D:4      | Reached skill level 7 in Spellcasting
  3906 | D:4      | Found Huef's Distillery.
  3946 | D:4      | Reached XP level 7. HP: 36/36 MP: 7/20
  4211 | D:4      | Bought a potion of heal wounds for 65 gold pieces
  4211 | D:4      | Bought a potion of curing for 39 gold pieces
  4464 | D:5      | Entered Level 5 of the Dungeon
  4503 | D:5      | Found a sand-covered staircase.
  4509 | Ossuary  | Entered an ossuary
  5036 | D:5      | Reached skill level 1 in Fighting
  5036 | D:5      | Reached skill level 1 in Armour
  5092 | D:5      | Noticed Menkaure
  5516 | D:5      | Reached skill level 8 in Spellcasting
  5746 | D:5      | Killed Menkaure
  5747 | D:5      | Reached XP level 8. HP: 44/44 MP: 8/22
  6225 | D:5      | Noticed Pikel
  6245 | D:5      | Killed Pikel
  6634 | D:6      | Reached skill level 5 in Dodging
  6778 | D:6      | Reached skill level 9 in Spellcasting
  7019 | D:6      | Reached XP level 9. HP: 50/50 MP: 19/24
  7139 | D:6      | Found an ancient bone altar of Kikubaaqudgha.
  7293 | D:6      | Found a glowing golden altar of the Shining One.
  7294 | D:6      | Found a staircase to the Ecumenical Temple.
  7302 | Temple   | Entered the Ecumenical Temple
  7307 | Temple   | Became a worshipper of Vehumet
  7719 | D:6      | Reached * piety under Vehumet
  7719 | D:6      | Offered knowledge of Magic Dart by Vehumet.
  7790 | D:6      | Got a fine whip
  7791 | D:6      | Identified the +6 whip of Yhiefyisi {elec, *Corrode rPois
                  | Will+ SInv} (You found it on level 6 of the Dungeon)
  8163 | D:6      | Found the +4 robe of Augmentation {Str+4 Int+4 Dex+4}
  8186 | D:6      | Learned a level 5 spell: Lightning Bolt
  8348 | D:7      | Found a shimmering blue altar of Sif Muna.
  8361 | D:7      | Found a white marble altar of Elyvilon.
  8817 | D:7      | Noticed Prince Ribbit
  8822 | D:7      | Killed Prince Ribbit
  8823 | D:7      | Reached skill level 10 in Spellcasting
  9032 | D:7      | Reached ** piety under Vehumet
  9297 | D:8      | Noticed Maggie
  9318 | D:8      | Killed Maggie
  9529 | D:8      | Found a hide-covered altar of Uskayaw.
  9600 | D:8      | Noticed Psyche
  9612 | D:8      | Killed Psyche
  9613 | D:8      | Reached XP level 10. HP: 52/58 MP: 13/26
  9998 | D:8      | Offered knowledge of Freeze by Vehumet.
 10116 | D:8      | Noticed Joseph
 10121 | D:8      | Killed Joseph
 10527 | D:9      | Reached skill level 5 in Armour
 10726 | D:9      | Reached skill level 5 in Fighting
 10784 | D:9      | Reached skill level 11 in Spellcasting
 10918 | D:9      | Found Lyotewin's Gadget Shoppe.
 11134 | D:9      | Found a staircase to the Orcish Mines.
 11213 | D:9      | Got a pair of encrusted gloves
 11224 | D:9      | Identified the +1 pair of gloves of Okawaru's Whim {rC+
                  | Str-4 Stlth+} (You found it on level 9 of the Dungeon)
 11335 | D:9      | Noticed a two-headed ogre
 11340 | D:9      | Killed a two-headed ogre
 11529 | D:9      | Found a hazy altar of Hepliaklqana.
 12082 | D:9      | Found a shimmering blue altar of Sif Muna.
 12082 | D:9      | Found a broken altar of Ashenzari.
 12293 | D:10     | Entered Level 10 of the Dungeon
 12378 | D:10     | Reached XP level 11. HP: 64/64 MP: 4/28
 12631 | D:10     | Noticed a brown ugly thing
 12635 | D:10     | Killed a brown ugly thing
 12746 | D:10     | Offered knowledge of Frozen Ramparts by Vehumet.
 12826 | D:10     | Found a runed translucent gate.
 12826 | D:10     | Found a runed translucent gate.
 12826 | D:10     | Found a runed translucent gate.
 12826 | D:10     | Noticed a white ugly thing
 12842 | D:10     | Found a shadowy altar of Dithmenos.
 12955 | D:10     | Reached *** piety under Vehumet
 13260 | D:10     | Noticed a cyan ugly thing
 13260 | D:10     | Noticed a cyan ugly thing
 13261 | D:10     | Noticed a brown ugly thing
 13262 | D:10     | Noticed a cyan ugly thing
 13271 | D:10     | Noticed a cyan very ugly thing
 13772 | D:10     | Found a staircase to the Lair.
 13980 | Lair:1   | Entered Level 1 of the Lair of Beasts
 14006 | Lair:1   | Offered knowledge of Inner Flame by Vehumet.
 14030 | Lair:1   | Reached skill level 12 in Spellcasting
 14166 | Lair:1   | Noticed a spriggan rider
 14244 | Lair:1   | Noticed a five-headed hydra
 14679 | Lair:1   | Reached **** piety under Vehumet
 14782 | Lair:1   | Killed a five-headed hydra
 14949 | Lair:1   | Reached skill level 10 in Air Magic
 15132 | Lair:1   | Reached skill level 10 in Dodging
 15271 | Lair:1   | Offered knowledge of Mephitic Cloud by Vehumet.
 15647 | D:10     | Reached XP level 12. HP: 52/71 MP: 2/30
 16304 | D:10     | Reached skill level 13 in Spellcasting
 16405 | Lair:1   | Reached skill level 1 in Shields
 17822 | Lair:3   | Noticed a six-headed hydra
 17826 | Lair:3   | Noticed a seven-headed hydra
 18093 | Lair:3   | Killed a seven-headed hydra
 18277 | Lair:3   | Noticed an eight-headed hydra
 18282 | Lair:3   | Killed an eight-headed hydra
 18656 | Lair:3   | Found a staircase to the Shoals.
 18716 | Lair:3   | Noticed a death yak
 18716 | Lair:3   | Noticed a death yak
 19043 | Lair:3   | Killed a six-headed hydra
 19132 | Lair:3   | Noticed a death yak
 19532 | Lair:4   | You fall into a shaft and drop 1 floor!
 19533 | Lair:5   | Noticed a death yak
 19533 | Lair:5   | Noticed a death yak
 19533 | Lair:5   | Noticed a death yak
 19548 | Lair:5   | Noticed a four-headed hydra
 19791 | Lair:4   | Noticed an eight-headed hydra
 19798 | Lair:4   | Killed an eight-headed hydra
 20560 | Lair:5   | Killed a four-headed hydra
 20686 | Lair:5   | Noticed a death yak
 20686 | Lair:5   | Noticed a death yak
 20686 | Lair:5   | Noticed a death yak
 20710 | Lair:5   | Noticed a death yak
 20711 | Lair:5   | Killed a death yak
 20711 | Lair:5   | Noticed a death yak
 20807 | Lair:5   | Reached skill level 14 in Spellcasting
 20807 | Lair:5   | Reached XP level 13. HP: 78/78 MP: 7/33
 21377 | Lair:5   | Reached ***** piety under Vehumet
 21380 | Lair:5   | Offered knowledge of Orb of Destruction by Vehumet.
 23039 | Lair:6   | Entered Level 6 of the Lair of Beasts
 23978 | Lair:6   | Reached skill level 15 in Spellcasting
 25176 | Lair:6   | Found a staircase to the Slime Pits.
 25433 | Lair:6   | Reached XP level 14. HP: 86/86 MP: 3/35
 27738 | Lair:3   | Found a hole to the Spider Nest.
 28229 | D:10     | Found a runed translucent gate.
 28229 | D:10     | Found a runed translucent gate.
 28237 | D:10     | Found a runed translucent gate.
 28239 | D:10     | Noticed Phantomfrettchen's ghost (novice OpTm)
 28456 | D:10     | Killed a brown very ugly thing
 28749 | Orc:1    | Entered Level 1 of the Orcish Mines
 28767 | Orc:1    | Reached skill level 16 in Spellcasting
 29068 | Orc:2    | Entered Level 2 of the Orcish Mines
 29361 | Orc:2    | Offered knowledge of Iskenderun's Battlesphere by Vehumet.
 29601 | Orc:2    | Noticed an orc warlord
 30138 | D:9      | Killed an orc warlord
 30139 | D:9      | Reached skill level 10 in Fighting
 30252 | Orc:2    | Noticed a stone giant
 30374 | Orc:2    | Noticed an orc warlord
 30555 | Orc:1    | Killed an orc warlord
 30698 | Orc:1    | Killed a stone giant
 31015 | Orc:2    | Found a staircase to the Elven Halls.
 31065 | Orc:2    | Found Jekoq's Gadget Shoppe.
 31259 | Orc:2    | Found a roughly hewn altar of Beogh.
 31408 | Orc:2    | Found Kual's Antique Weapon Emporium.
 31469 | Orc:2    | Noticed an orc warlord
 31511 | Orc:2    | Killed an orc warlord
 32042 | Orc:2    | Found a roughly hewn altar of Beogh.
 32074 | Orc:2    | Found a roughly hewn altar of Beogh.
 32219 | Orc:2    | Offered knowledge of Ozocubu's Refrigeration by Vehumet.
 32235 | Orc:2    | Learned a level 6 spell: Ozocubu's Refrigeration
 32444 | Orc:2    | Found a roughly hewn altar of Beogh.
 32485 | Orc:2    | Noticed Saint Roka
 32723 | Orc:2    | Found a roughly hewn altar of Beogh.
 32748 | Orc:2    | Found a roughly hewn altar of Beogh.
 32801 | Orc:2    | Reached skill level 1 in Ice Magic
 32887 | Orc:2    | Found a roughly hewn altar of Beogh.
 32893 | Orc:2    | Found Ejolad's Weapon Shoppe.
 33192 | Orc:1    | Noticed Snorg
 33192 | Orc:1    | Noticed Fannar
 33195 | Orc:1    | Killed Fannar
 33196 | Orc:1    | Reached XP level 15. HP: 92/92 MP: 26/37
 33573 | Orc:1    | Killed Snorg
 33994 | Orc:1    | Noticed Blork the orc
 33997 | Orc:1    | Killed Blork the orc
 35068 | D:11     | Noticed Urug
 35082 | D:11     | Killed Urug
 36101 | D:11     | Noticed Josephine
 36108 | D:11     | Killed Josephine
 36901 | D:12     | Offered knowledge of Freezing Cloud by Vehumet.
 37374 | D:11     | Reached skill level 17 in Spellcasting
 37635 | D:12     | Noticed Kirke
 37647 | D:12     | Killed Kirke
 38900 | D:13     | Reached skill level 15 in Dodging
 39299 | D:13     | Found Ydghumot's Magic Scroll Shoppe.
 39673 | D:13     | Noticed endorz's ghost (journeyman GrFi)
 39678 | D:13     | Found a transporter.
 39692 | D:13     | Found a transporter.
 40021 | D:13     | Reached skill level 5 in Ice Magic
 40791 | D:13     | Found a gate to the Vaults.
 40890 | D:13     | Found a one-way gate to the infinite horrors of the Abyss.
 41434 | Shoals:1 | Entered Level 1 of the Shoals
 41442 | Shoals:1 | Noticed a kraken
 41454 | Shoals:1 | Noticed Donald
 41813 | Elf:1    | Entered Level 1 of the Elven Halls
 41936 | Elf:1    | Offered knowledge of Conjure Ball Lightning by Vehumet.
 41951 | Elf:1    | Learned a level 6 spell: Conjure Ball Lightning
 42151 | Elf:1    | Reached XP level 16. HP: 62/100 MP: 20/39
 42953 | Elf:1    | Identified the Tome of Stolen Souls
 43439 | Elf:1    | Found Itanteop's Assorted Antiques.
 43441 | Elf:1    | Found Naiwo's Antique Armour Emporium.
 43443 | Elf:1    | Found Itaepp's Distillery.
 43451 | Elf:1    | Bought a potion of heal wounds for 100 gold pieces
 44218 | Elf:2    | Found Pawud's Distillery.
 44219 | Elf:2    | Found Xauluo's Antique Weapon Shoppe.
 44219 | Elf:2    | Found Hiow's Magic Scroll Emporium.
 44224 | Elf:2    | Found Amoluocoda's Antique Weapon Shoppe.
 44288 | Elf:2    | Reached skill level 18 in Spellcasting
 44759 | Elf:2    | Found a runed translucent gate.
 44759 | Elf:2    | Found a runed translucent gate.
 44760 | Elf:2    | Found a runed translucent gate.
 44926 | Elf:2    | Noticed a deep elf blademaster
 45584 | Elf:2    | Killed a deep elf blademaster
 45991 | Elf:2    | Offered knowledge of Spellforged Servitor by Vehumet.
 46985 | Lair:3   | Killed Donald
 47149 | Spider:1 | Entered Level 1 of the Spider Nest
 48049 | Spider:1 | Reached XP level 17. HP: 99/106 MP: 26/41
 48595 | Spider:2 | Reached skill level 15 in Air Magic
 48706 | Spider:2 | Offered knowledge of Chain Lightning by Vehumet.
 48716 | Spider:2 | Learned a level 8 spell: Chain Lightning
 48729 | Spider:2 | Found a frozen archway.
 48743 | IceCv    | Entered an ice cave
 49770 | IceCv    | Noticed an Ice Fiend
 49781 | IceCv    | Killed an Ice Fiend
 51161 | Spider:2 | Reached skill level 19 in Spellcasting
 51295 | Spider:2 | Noticed Arachne
 51979 | Spider:2 | Killed Arachne
 52977 | Elf:3    | Entered Level 3 of the Elven Halls
 53509 | Elf:3    | Reached ****** piety under Vehumet
 53510 | Elf:3    | Reached skill level 5 in Conjurations
 53635 | Elf:3    | Noticed a deep elf master archer
 53639 | Elf:3    | Killed a deep elf master archer
 53659 | Elf:3    | Reached XP level 18. HP: 37/113 MP: 23/43
 54077 | Elf:3    | Cast into level 2 of the Abyss (a deep elf sorcerer)
 54211 | Abyss:2  | Offered knowledge of Lehudib's Crystal Spear by Vehumet.
 54211 | Abyss:2  | Offered knowledge of Shatter by Vehumet.
 54211 | Abyss:2  | Offered knowledge of Tornado by Vehumet.
 54454 | Abyss:2  | Noticed a lich
 54458 | Abyss:2  | Killed a lich
 54514 | Elf:3    | Escaped the Abyss
 54549 | Elf:3    | Identified the +9 long sword "Fokhluasu" {vorpal, *Corrode
                  | SInv Stlth+}
 55146 | Elf:3    | Identified the ring "Wuahot" {+Fly Will+}
 55185 | Elf:3    | Learned a level 9 spell: Tornado
 55187 | Elf:3    | Identified the Volume of the Escort
 55194 | Elf:3    | Identified the Collected Works on Evil Rituals and the
                  | Mountains
 55199 | Elf:3    | Learned a level 2 spell: Sublimation of Blood
 55370 | Elf:3    | Identified the +8 great mace "Giantslayer" {pain, rPois rC+
                  | rN+ Str-2}
 55389 | Elf:3    | Identified the Collected Works on Enthralling Confrontation
 56026 | D:13     | Identified a scroll of acquirement
 56026 | D:13     | Acquired an uncursed staff of air
 57513 | Spider:4 | Entered Level 4 of the Spider Nest
 57523 | Spider:4 | Reached skill level 20 in Spellcasting
 58488 | Spider:4 | Reached XP level 19. HP: 119/119 MP: 41/45
 58964 | Spider:4 | Got a gossamer rune of Zot
 59428 | Vaults:1 | Entered Level 1 of the Vaults
 59576 | Vaults:1 | Found Feeliy Vext's Jewellery Emporium.
 59579 | Vaults:1 | Bought the ring of the Mage {Wiz Will++ Int+3} for 672 gold
                  | pieces
 59579 | Vaults:1 | Found the ring of the Mage {Wiz Will++ Int+3}
 60299 | Vaults:1 | Got a dazzling scimitar
 60300 | Vaults:1 | Identified the +12 scimitar of Imbalance {freeze, *Drain
                  | SInv Stlth+} (You found it on level 1 of the Vaults)
 62347 | Vaults:2 | Got a slimy steel amulet
 62348 | Vaults:2 | Identified the amulet "Vokenyl" {RegenMP rElec Stlth+} (You
                  | found it on level 2 of the Vaults)
 62377 | Vaults:2 | Noticed a lich
 62378 | Vaults:2 | Reached skill level 21 in Spellcasting
 62379 | Vaults:2 | Killed a lich
 62379 | Vaults:2 | Noticed a lich
 62380 | Vaults:2 | Reached skill level 10 in Conjurations
 62381 | Vaults:2 | Killed a lich
 62891 | Vaults:2 | Found a runed translucent door.
 62891 | Vaults:2 | Noticed Ecu Hasm's ghost (adept GnSk)
 63124 | Vaults:2 | Found Gats's General Store.
 63316 | Vaults:2 | Found a staircase to the Crypt.
 63316 | Vaults:2 | Found a basalt altar of Yredelemnul.
 63317 | Vaults:2 | Found an ancient bone altar of Kikubaaqudgha.
 63546 | Vaults:2 | Found Zaopn's Jewellery Shop.
 63552 | Vaults:2 | Found Daweo's Book Emporium.
 63592 | Vaults:2 | Found Liattiag's Jewellery Shoppe.
 63593 | Vaults:2 | Found Jiorudop's Magic Scroll Shop.
 63604 | Vaults:2 | Bought the ring "Piufrei" {rC++ rN+ Int+7 Stlth-} for 751
                  | gold pieces
 64046 | Vaults:2 | Killed Ecu Hasm's ghost
 64047 | Vaults:2 | Reached XP level 20. HP: 118/127 MP: 29/47
 65582 | Vaults:3 | Killed from afar by a fire giant

Illustrated notes

Levels and vault maps discovered:
D:1:      amcnicky_arrival_double_pillar, layout_basic
D:2:      layout_rooms, nicolae_overflow_crystal_walls, general_overflow_altar,
          chequers_ecumenical_altar_island
D:3:      layout_basic, lemuel_coloured_pillars_altar, marbit_many_paths,
          minmay_fractal_squares_5
D:4:      layout_loops_ring, serial_shops, shop, uniq_crazy_yiuf_cottage
D:5:      layout_basic, nicolae_ossuary_entry_plus,
          hangedman_abyss_or_decor_stagger, uniq_pikel, uniq_menkaure
D:6:      corexii_shantytown, layout_basic, kiku_gazebo_pond_becter,
          nicolae_overflow_hidden_temple, minmay_temple_entry_large_hall,
          basic_altar, st_stairs_6, minivault_27, minivault_5
D:7:      layout_cave_pools, elyvilon_altar_5, led_sif_book, uniq_prince_ribbit1
D:8:      layout_loops_cross, eat_drink_and_be_merry_uskayaw, bh_walls_and_bars,
          uniq_joseph, uniq_psyche, uniq_maggie
D:9:      wander_river, layout_layer_cave, minitemple, orc_0_dummy,
          enter_bailey_6, serial_shops, shop, minmay_variable_closet,
          minmay_misc_feat_cross
D:10:     layout_rooms, erik_lair_dragon,
          ploomutoo_gammafunk_ghost_potion_laboratory, lemuel_statue_altar
D:11:     layout_stronghold, kennysheep_small_square, uniq_urug, uniq_josephine
D:12:     layout_roguey, uniq_kirke
D:13:     dragon1_lemuel, layout_cave_pools,
          hangedman_vaults_entry_quadrant_bands, gammafunk_ghost_abyssal_escape,
          minmay_shop_grid_forest, kennysheep_dice
Temple:   minmay_freezing_vapour_temple
Lair:1:   layout_chaotic_city, serial_bayou_pond_a, grunt_forest_large_clearings
Lair:2:   layout_small_grid, lemuel_fruit_tree, serial_bayou_shore_b
Lair:3:   layout_chaotic_city, elwin_shoals_entry_rocks,
          spider_nest_entry_funnel_web, serial_bayou_pond_e,
          nicolae_quartered_pool_super
Lair:4:   layout_loops_ring, serial_bayou_ford_a
Lair:5:   layout_regular_city, grunt_megastairs_3
Lair:6:   grunt_lair_end_beastmaster, layout_big_grid,
          minmay_slime_entry_pillars
Shoals:1: layout_shoals, gammafunk_ghost_grave, regret_index_shoals_crete,
          uniq_donald, uniq_roxanne
Spider:1: layout_spider_delve, hangedman_spider_tarantella_strand
Spider:2: layout_chambers, portal_ice_cave_entry_pillars_1,
          guppyfry_spider_mini_3, uniq_arachne
Spider:3: layout_spider_delve
Spider:4: spider_rune_water, guppyfry_spider_mini_1
Orc:1:    layout_caves, sword_in_stone, uniq_snorg, uniq_fannar
Orc:2:    grunt_orc_community_town_hall, layout_caves,
          grunt_orc_community_big_house_2, grunt_orc_community_big_house_2,
          grunt_orc_community_house_1, grunt_orc_community_house_2,
          grunt_orc_community_house_1, grunt_orc_community_house_3,
          grunt_orc_community_house_1, serial_shops, nicolae_shop_trees,
          mines_bat_river
Elf:1:    eino_elf_arrival_customs, layout_gridlike, minmay_elf_necromancy,
          hangedman_elf_disciples, minmay_shop_star
Elf:2:    layout_geoelf_diagonals, minmay_shoptagon
Elf:3:    minmay_elf_hall_dome, layout_rooms
Vaults:1: vaults_mumra_chevron_long, nicolae_vaults_alarming, st_more_cells,
          v_rooms_4, hangedman_vaults_maws, vaults_room_door_hall,
          ontoclasm_vaults_ring_square, ontoclasm_vaults_eye,
          vaults_dpeg_encased_lava, v_rooms_3, vaults_room_pool,
          vaults_room_semicircle, layout_vaults_omnigrid, serial_shops,
          nicolae_shop_behind_doors
Vaults:2: gammafunk_vaults_ghost_grave, dpeg_vaults_waves,
          nicolae_vaults_ninety_degrees, v_misc_10,
          nicolae_vaults_yaktaur_gun_rack, minmay_crypt_entry_necro_gods,
          nicolae_vaults_what_the_h, vaults_room_pools, ontoclasm_vaults_spin,
          grunt_vaults_diagonal, v_misc_12, nicolae_vaults_diagonal_hallway_9,
          ontoclasm_vaults_ring_small, ontoclasm_vaults_loading_screen,
          layout_vaults_ring, serial_shops, shop, nicolae_shop_stone,
          nicolae_shop_waterfront, shop, shop
Vaults:3: v_misc_30, dpeg_vaults_monster_box, v_misc_16,
          nicolae_vaults_rhombus_5, nicolae_vaults_big_ls,
          vaults_room_stairs_pillars, hangedman_vaults_stream, st_diamondy,
          hangedman_vaults_snaps, ontoclasm_vaults_ligature, vaults_mumra_hex,
          layout_vaults_omnicross
Vaults:4: ontoclasm_vaults_gallery, v_misc_4, vaults_mumra_lcd, v_misc_27,
          v_misc_17, ontoclasm_vaults_misaligned,
          nicolae_vaults_network_barrier, v_misc_4, vaults_room_door_hall,
          v_misc_9, nicolae_vaults_circle_grid_a,
          nicolae_vaults_diagonal_hallway_6, layout_vaults_omnibox

Skill      XL: |  1  2  3  4  5  6  7  8  9 10 11 12 13 14 15 16 17 18 19 20 |
---------------+-------------------------------------------------------------+-----
Spellcasting   | 4 5 6 7 8 9 10 11 12 14 15 16 17 18 19 20 21 | 21.7
Air Magic      | 4 5 6 7 8 9 10 11 12 13 14 15 16 17 | 17.6
Dodging        | 4 5 7 8 10 11 13 14 15 16 17 18 | 18.2
Fighting       | 1 3 4 5 6 8 9 10 11 12 13 14 | 14.5
Armour         | 1 3 4 5 6 |  6.2
Shields        | 3 4 |  4.0
Ice Magic      | 1 5 8 9 |  9.0
Conjurations   | 5 8 10 11 | 11.5
Stealth        | |  2.4

Action                   |  1- 3 |  4- 6 |  7- 9 | 10-12 | 13-15 | 16-18 | 19-21 || total
-------------------------+-------+-------+-------+-------+-------+-------+-------++-------
Melee: Unarmed           |     7 |       |       |       |       |       |       ||     7
       Dagger            |    18 |    58 |     6 |       |       |       |       ||    82
       Whip              |       |       |     3 |    34 |   139 |    78 |    20 ||   274
       Staff             |       |       |       |       |       |     3 |    31 ||    34
 Cast: Shock             |    53 |   156 |   308 |   210 |    90 |    20 |       ||   837
       Airstrike         |       |     2 |    47 |   326 |   927 |   687 |    99 ||  2088
       Swiftness         |       |       |       |     7 |     7 |     3 |     1 ||    18
       Lightning Bolt    |       |       |       |       |    68 |    56 |     7 ||   131
       Conjure Ball Ligh |       |       |       |       |     2 |     6 |     3 ||    11
       Ozocubu's Refrige |       |       |       |       |       |   122 |    16 ||   138
       Chain Lightning   |       |       |       |       |       |     2 |    94 ||    96
       Tornado           |       |       |       |       |       |       |    20 ||    20
Evoke: Wand              |       |       |       |       |     1 |       |     5 ||     6
  Use: Scroll            |       |       |     8 |    16 |     2 |    17 |     5 ||    48
       Potion            |       |       |       |       |       |     4 |       ||     4
 Stab: Sleeping          |     2 |     1 |       |       |       |       |       ||     3
       Distracted        |       |       |       |       |     1 |       |     1 ||     2
Armor: Robe              |     7 |    22 |    35 |    38 |    77 |    56 |    41 ||   276
Dodge: Dodged            |    22 |    57 |    74 |   244 |   544 |   346 |   142 ||  1429
Block: Buckler           |       |       |       |    67 |   244 |   129 |    68 ||   508
       Reflection        |       |       |       |       |    31 |    11 |    15 ||    57

Table legend: (Time is in decaauts)
 A = Elapsed time spent in this place.
 B = Non-inter-level travel time spent in this place.
 C = Inter-level travel time spent in this place.
 D = Time resting spent in this place.
 E = Time spent auto-exploring this place.
 F = Levels seen in this place.
 G = Mean time per level.
                   A        B        C        D        E       F      G
               +--------+--------+--------+--------+--------+-----+--------+
         Total |  65770 |  61286 |   4484 |   5056 |  47322 |  37 | 1777.6 |
       Dungeon |  23119 |  21288 |   1831 |   1725 |  16862 |  13 | 1778.4 |
        Temple |     10 |     10 |      0 |      0 |      0 |   1 |   10.0 |
          Lair |  14053 |  12772 |   1281 |   1682 |   9376 |   6 | 2342.2 |
        Shoals |     31 |     31 |      0 |      0 |      7 |   1 |   31.0 |
   Spider Nest |   6442 |   5935 |    507 |    318 |   4895 |   4 | 1610.5 |
  Orcish Mines |   5765 |   5336 |    429 |   1062 |   3271 |   2 | 2882.5 |
   Elven Halls |   7378 |   7028 |    350 |    203 |   5759 |   3 | 2459.3 |
        Vaults |   6160 |   6077 |     83 |     58 |   5138 |   4 | 1540.0 |
         Abyss |    422 |    422 |      0 |      0 |      0 |   1 |  422.0 |
       Ossuary |    516 |    516 |      0 |      0 |    399 |   1 |  516.0 |
      Ice Cave |   1870 |   1870 |      0 |      8 |   1613 |   1 | 1870.0 |
               +--------+--------+--------+--------+--------+-----+--------+

Top non-repeatable levels by time:
    D:10: 4287 daAuts
  Lair:6: 3927 daAuts
   Orc:2: 3345 daAuts
Vaults:1: 2861 daAuts
   Elf:2: 2683 daAuts
   Elf:1: 2514 daAuts
  Lair:5: 2445 daAuts
  Lair:4: 2442 daAuts
   Orc:1: 2420 daAuts
     D:9: 2411 daAuts
    D:13: 2393 daAuts
    D:11: 2390 daAuts
   Elf:3: 2180 daAuts
  Lair:3: 2124 daAuts
Spider:2: 2079 daAuts
